 Dungeon Crawl Stone Soup version 0.30.0-29-ga12c61a403 (webtiles) character file.

Game seed: 4756298765551087547

151 cheesebisquit the Covert (level 5, -6/47 HPs)
             Began as a Gnoll Delver on June 24, 2023.
             Was an Initiate of Makhleb.
             Mangled by a water moccasin (7 damage)
             ... on level 5 of the Dungeon.
             The game lasted 00:03:17 (530 turns).

cheesebisquit the Covert (Gnoll Delver)              Turns: 530, Time: 00:03:18

Health: -6/47      AC:  3    Str: 12    XL:     5   Next: 33%
Magic:  7/7        EV: 13    Int: 11    God:    Makhleb [......]
Gold:   14         SH:  0    Dex: 13    Spells: 7/7 levels left

rFire   . . .        a - +0 spear
rCold   . . .        (no shield)
rNeg    . . .        b - +0 leather armour
rPois   .            (no helmet)
rElec   .            (no cloak)
rCorr   .            (no gloves)
SInv    .            (no boots)
Will    .....        (no amulet)
Stlth   ++++         (no ring)
HPRegen 0.27/turn    (no ring)
MPRegen 0.10/turn

%: no passive effects
@: lethally poisoned (-6 -> -7)
A: fangs 1, strong nose, distributed training
a: Renounce Religion


You were on level 5 of the Dungeon.
You worshipped Makhleb.
Makhleb was noncommittal.
You visited 2 branches of the dungeon, and saw 3 of its levels.

You collected 14 gold pieces.

Inventory:

Hand Weapons
 a - a +0 spear (weapon)
Armour
 b - a +0 leather armour (worn)
 d - a +0 chain mail
Wands
 g - a wand of digging (3)
Scrolls
 c - a scroll of fog


   Skills:
 + Level 6.7 Fighting
 + Level 1.5 Short Blades
 + Level 1.5 Long Blades
 + Level 1.5 Axes
 + Level 1.5 Maces & Flails
 + Level 4.8 Polearms
 + Level 1.5 Staves
 + Level 1.5 Ranged Weapons
 + Level 1.5 Throwing
 + Level 1.5 Armour
 + Level 4.8 Dodging
 + Level 9.7 Stealth
 + Level 1.5 Shields
 + Level 1.5 Unarmed Combat
 + Level 1.5 Spellcasting
 + Level 1.2 Conjurations
 + Level 1.2 Hexes
 + Level 1.2 Summonings
 + Level 1.2 Necromancy
 + Level 1.2 Translocations
 + Level 1.2 Transmutations
 + Level 1.2 Fire Magic
 + Level 1.2 Ice Magic
 + Level 1.2 Air Magic
 + Level 1.2 Earth Magic
 + Level 1.2 Poison Magic
 + Level 1.7 Invocations
 + Level 1.5 Evocations


You had 7 spell levels left.
You didn't know any spells.
Your spell library was empty.

Dungeon Overview and Level Annotations

Branches:
Dungeon (6/15)             Temple (1/1) D:5

Altars:
Cheibriados
Elyvilon
Fedhas
Gozag
Hepliaklqana
Kikubaaqudgha
Makhleb
Nemelex Xobeh
Okawaru
Trog
Uskayaw
Xom
Zin


Innate Abilities, Weirdness & Mutations

You have very sharp teeth.
Your uncanny sense of smell can sniff out nearby items.
Your experience applies equally to all skills.


Message History

You hit the water moccasin. Your bite misses the water moccasin.
The water moccasin is heavily wounded.
You feel sick.
You are no longer poisoned.
The water moccasin bites you.
* * * LOW HITPOINT WARNING * * *
You are poisoned.
The water moccasin poisons you!
You barely miss the water moccasin.
The water moccasin is heavily wounded.
You feel sick.
The water moccasin bites you but does no damage.
The water moccasin closely misses you.
You hit the water moccasin.
The water moccasin is heavily wounded.
You feel sick. The water moccasin barely misses you.
You hit the water moccasin.
The water moccasin is severely wounded.
You feel sick. The water moccasin misses you.
You miss the water moccasin.
The water moccasin is severely wounded.
You feel sick. The water moccasin misses you.
You hit the water moccasin.
The water moccasin is almost dead.
You feel sick.
The water moccasin bites you but does no damage.
You barely miss the water moccasin.
The water moccasin is almost dead.
You feel sick. The water moccasin bites you.
* * * LOW HITPOINT WARNING * * *
The water moccasin barely misses you.
You hit the water moccasin.
The water moccasin is almost dead.
* * * LOW HITPOINT WARNING * * *
You feel sick. The water moccasin barely misses you.
You miss the water moccasin.
The water moccasin is almost dead.
* * * LOW HITPOINT WARNING * * *
You feel sick. The water moccasin bites you!
You die...

......###.....,,,,*#.#
...)..(......,,,,,*#.#
........(...#******#.##
..........#.## #..##
........$.#..# ##..#
....#...#..#.## ##.#
.....#.#†....{## #.#
.....)>.....ooo#######.#
.....#.#.....#5S@...##.#
....#...#....######....#
.............# #....>#
......#......# #.#####
......######## #.####
......# #....# ......*
####.# ,,,,,,* #.#
,,,,,,* #.#


You could see a water moccasin, 3 orcs and an ufetubus.

Vanquished Creatures
  A scorpion (D:5)
  A howler monkey (D:5)
  A jelly (D:5)
  A gnoll (D:5)
  2 adders (D:5)
  An orc (D:5)
7 creatures vanquished.

Notes
Turn   | Place    | Note
-------+----------+-------------------------------------------
     0 | D:5      | Reached skill level 9 in Stealth
     0 | D:5      | cheesebisquit the Gnoll Delver began the quest for the Orb.
     0 | D:5      | Reached XP level 1. HP: 23/23 MP: 1/1
    29 | D:5      | Reached XP level 2. HP: 15/29 MP: 2/2
    56 | D:5      | Found a staircase to the Ecumenical Temple.
   251 | D:5      | Noticed a scorpion
   251 | D:5      | Noticed a howler monkey
   259 | D:5      | Killed a scorpion
   260 | D:5      | Reached skill level 1 in Short Blades
   260 | D:5      | Reached skill level 1 in Long Blades
   260 | D:5      | Reached skill level 1 in Axes
   260 | D:5      | Reached skill level 1 in Maces & Flails
   260 | D:5      | Reached skill level 1 in Staves
   260 | D:5      | Reached skill level 1 in Ranged Weapons
   260 | D:5      | Reached skill level 1 in Throwing
   260 | D:5      | Reached skill level 1 in Armour
   260 | D:5      | Reached skill level 1 in Shields
   260 | D:5      | Reached skill level 1 in Unarmed Combat
   260 | D:5      | Reached skill level 1 in Spellcasting
   260 | D:5      | Reached skill level 1 in Invocations
   260 | D:5      | Reached skill level 1 in Evocations
   260 | D:5      | Reached XP level 3. HP: 27/35 MP: 2/4
   260 | D:5      | Reached XP level 4. HP: 31/41 MP: 2/5
   268 | D:5      | Reached skill level 1 in Conjurations
   268 | D:5      | Reached skill level 1 in Hexes
   268 | D:5      | Reached skill level 1 in Summonings
   268 | D:5      | Reached skill level 1 in Necromancy
   268 | D:5      | Reached skill level 1 in Translocations
   268 | D:5      | Reached skill level 1 in Transmutations
   268 | D:5      | Reached skill level 1 in Fire Magic
   268 | D:5      | Reached skill level 1 in Ice Magic
   268 | D:5      | Reached skill level 1 in Air Magic
   268 | D:5      | Reached skill level 1 in Earth Magic
   268 | D:5      | Reached skill level 1 in Poison Magic
   430 | D:5      | Reached XP level 5. HP: 46/47 MP: 7/7
   435 | D:5      | Noticed a water moccasin
   447 | Temple   | Entered the Ecumenical Temple
   486 | Temple   | Became a worshipper of Makhleb the Destroyer
   528 | D:5      | HP: 2/47 [water moccasin (4)]
   530 | D:5      | Mangled by a water moccasin

Illustrated notes

Levels and vault maps discovered:
D:5:      layout_basic, minmay_temple_entry_crystal_x,
          gammafunk_ghost_nasty_kobolds, chequers_serial_rivers_large_b
D:6:      layout_basic, nicolae_ru_path_of_blood
Temple:   nicolae_temple_ecumenical_triangle

Skill      XL: |  1  2  3  4 |
---------------+-------------+-----
Stealth        | |  9.7
Short Blades   | 1 |  1.5
Long Blades    | 1 |  1.5
Axes           | 1 |  1.5
Maces & Flails | 1 |  1.5
Staves         | 1 |  1.5
Ranged Weapons | 1 |  1.5
Throwing       | 1 |  1.5
Armour         | 1 |  1.5
Shields        | 1 |  1.5
Unarmed Combat | 1 |  1.5
Spellcasting   | 1 |  1.5
Invocations    | 1 |  1.7
Evocations     | 1 |  1.5
Conjurations   | 1 |  1.2
Hexes          | 1 |  1.2
Summonings     | 1 |  1.2
Necromancy     | 1 |  1.2
Translocations | 1 |  1.2
Transmutations | 1 |  1.2
Fire Magic     | 1 |  1.2
Ice Magic      | 1 |  1.2
Air Magic      | 1 |  1.2
Earth Magic    | 1 |  1.2
Poison Magic   | 1 |  1.2
Fighting       | |  6.7
Polearms       | |  4.8
Dodging        | |  4.8

Action                     |  1- 3 |  4- 6 || total
---------------------------+-------+-------++-------
  Melee: Spear             |    26 |    33 ||    59
         Bite              |     2 |     2 ||     4
         Punch             |       |     1 ||     1
    Use: Scroll            |     2 |       ||     2
         Potion            |     1 |       ||     1
   Stab: Sleeping          |     1 |     2 ||     3
 Armour: Leather armour    |     4 |     5 ||     9
  Dodge: Dodged            |    13 |    22 ||    35
